Map: Deathaura LE

Players

Future

  • Race: Terran Terran
  • Spawn Location: 5:00

MCanning - Winner!

  • Race: Protoss Protoss
  • Spawn Location: 11:00

Event: DreamHack SC2 Masters 2020 Fall

VOD

Have the link to the VOD?

Description

Time

  • Played on: Sept. 10, 2020, 6:41 p.m.
  • Length: 17:00

All games in this series

Show
View Real Time Build Order
Export as new Build Order

Future Terran 

Build Orders:  

Get SALT Encoding   

  12  0:00  SCV  
  13  0:12  SCV  
  14  0:16  Supply Depot  
  14  0:24  SCV  
  15  0:38  SCV  
  15  0:39  Barracks  
  16  0:43  Refinery  
  16  0:50  SCV  
  17  1:02  SCV  
  18  1:14  SCV  
  19  1:20  Unknown  
  19  1:22  Unknown x2  
  19  1:26  Orbital Command, Marine  
  20  1:43  Command Center  
  20  1:52  Factory  
  20  1:54  SCV  
  21  2:02  Supply Depot  
  21  2:04  Barracks Reactor  
  21  2:08  SCV  
  22  2:16  Refinery  
  22  2:20  SCV  
  23  2:32  SCV  
  24  2:39  Starport  
  24  2:44  Hellion x2  
  28  2:45  SCV  
  29  2:55  Orbital Command  
  29  2:57  SCV  
  30  3:05  Hellion x2  
  34  3:10  SCV  
  34  3:11  Barracks Tech Lab  
  34  3:21  SCV  
  34  3:22  Medivac, SCV  
  38  3:30  Supply Depot  
  38  3:34  SCV  
  38  3:35  SCV  
  38  3:38  Marine x2  
  38  3:41  Cyclone  
  45  3:46  SCV  
  45  3:48  Supply Depot  
  46  3:52  SCV  
  47  3:57  Viking  
  47  3:59  SCV  
  50  4:04  SCV  
  50  4:07  Marine x2  
  49  4:11  SCV  
  49  4:14  Cyclone  
  49  4:16  SCV  
  50  4:23  SCV  
  49  4:24  Marine  
  49  4:25  Marine  
  49  4:29  SCV  
  52  4:33  Command Center  
  52  4:36  SCV  
  53  4:41  SCV  
  53  4:42  Marine x2  
  56  4:46  Siege Tank  
  56  4:48  SCV  
  56  4:50  Supply Depot  
  60  4:53  Barracks, SCV  
  60  4:55  Supply Depot  
  61  5:01  SCV  
  62  5:11  SCV, Marine x2  
  62  5:12  Supply Depot  
  62  5:13  SCV, Refinery  
  66  5:14  Refinery  
  66  5:15  Barracks  
  66  5:23  SCV  
  66  5:24  Engineering Bay, Factory Tech Lab  
  66  5:25  SCV  
  66  5:26  Engineering Bay  
  68  5:31  Marine x2  
  68  5:35  SCV, Supply Depot  
  70  5:37  SCV, Starport Reactor  
  72  5:47  Orbital Command, SCV  
  72  5:49  Stimpack  
  73  5:50  Marauder, Marine x2  
  73  5:51  SCV  
  73  5:53  Factory Tech Lab  
  73  5:55  Missile Turret  
  73  5:56  Terran Infantry Armor Level 1  
  78  5:58  Terran Infantry Weapons Level 1  
  78  6:02  SCV  
  78  6:03  SCV  
  80  6:05  Orbital Command  
  80  6:11  Siege Tank  
  83  6:12  Missile Turret  
  83  6:15  SCV  
  83  6:16  Combat Shield, SCV  
  83  6:17  Marauder  
  87  6:19  Marauder, Marine x2  
  91  6:27  SCV  
  91  6:28  SCV  
  93  6:33  SCV  
  93  6:38  Barracks  
  93  6:39  SCV  
  95  6:40  Barracks, SCV  
  95  6:41  Missile Turret  
  95  6:43  Siege Tank  
  95  6:45  SCV  
  100  6:50  Refinery  
  100  6:51  Refinery, SCV  
  100  6:52  SCV  
  102  6:57  SCV  
  102  6:58  Supply Depot x3  
  102  6:59  Medivac x2  
  107  7:02  Missile Turret  
  107  7:03  SCV  
  107  7:04  SCV  
  109  7:10  Ghost Academy  
  109  7:12  SCV, Marine x2  
  109  7:13  Marauder x2  
  116  7:19  Siege Tank  
  116  7:21  Supply Depot x2  
  119  7:24  Supply Depot  
  119  7:28  Barracks Reactor  
  119  7:29  Barracks Tech Lab, Concussive Shells  
  119  7:31  Marine  
  119  7:32  Marine  
  119  7:34  Marauder x2  
  119  7:35  Medivac x2  
  129  7:49  Marine x2  
  131  7:51  Siege Tank  
  131  7:54  Marauder  
  131  7:55  Marauder x2  
  140  8:00  Supply Depot x2  
  140  8:05  Viking x2  
  142  8:07  Marine x2  
  142  8:08  Bunker, Missile Turret  
  146  8:13  Missile Turret  
  146  8:14  Bunker  
  146  8:15  Marine x2  
  148  8:20  Ghost x2  
  148  8:22  Ghost  
  148  8:25  Marine x2  
  156  8:33  Marine x2  
  158  8:35  Supply Depot  
  158  8:36  Supply Depot  
  158  8:44  Marine x2  
  155  8:49  Marauder x2  
  155  8:50  Siege Tank  
  155  8:51  Marauder, Marine x2  
  155  8:55  Viking x2  
  170  9:01  Supply Depot, Enhanced Shockwaves  
  170  9:02  Marine x2  
  172  9:04  Supply Depot  
  172  9:14  Marauder x2  
  172  9:15  Marauder  
  174  9:39  Siege Tank  
  174  9:41  Marauder x3, Marine x2  
  174  9:42  Marine x2  
  187  9:46  Viking x2  
  191  9:56  Command Center  
  191  9:59  Marine x2  
  193  10:00  Barracks  
  193  10:01  Barracks  
  193  10:03  Barracks, Marauder x3  
  197  10:24  Marauder  
  191  10:29  Siege Tank  
  190  10:48  Marauder x3, Marine  
  190  10:49  Marine x2  
  191  10:50  Barracks Tech Lab  
  191  10:51  Barracks Tech Lab  
  191  10:53  Engineering Bay, Marine  
  191  10:55  Armory  
  188  11:01  Marine  
  148  11:07  Marine  
  148  11:09  Marauder x3, Marine x2  
  148  11:11  Marauder  
  152  11:16  Marauder  
  140  11:21  Siege Tank  
  140  11:23  Viking x2  
  142  11:30  Marauder x2  
  142  11:31  Marauder, Marine x2  
  142  11:32  Marauder, Marine  
  153  11:37  Marauder  
  153  11:39  Barracks Tech Lab  
  155  11:50  SCV x3  
  155  11:51  Ghost x2  
  155  11:52  Ghost, Marauder  
  155  11:53  Sensor Tower  
  166  11:56  Siege Tank  
  166  11:57  Missile Turret  
  166  11:58  Planetary Fortress  
  169  12:02  SCV  
  169  12:08  Marauder x2  
  174  12:11  Marine x3  
  174  12:13  Marauder  
  179  12:16  Viking  
  179  12:20  Marauder  
  179  12:21  Viking  
  181  12:36  Marauder x3  
  187  12:39  Siege Tank  
  190  12:46  Marauder x3  
  190  12:53  Viking  
  190  12:58  Marauder x3, Marine  
  195  12:59  Marine x2  
  200  13:12  Medivac  
  198  13:23  Medivac  
  196  13:30  Siege Tank  
  196  13:31  Marauder  
  191  13:42  Medivac, Marauder x2  
  191  13:47  SCV x2  
  191  13:48  SCV  
  189  13:49  SCV  
  189  13:52  Marauder  
  189  13:53  Medivac, Marauder  
  194  13:56  Terran Infantry Weapons Level 2  
  194  13:57  Terran Infantry Armor Level 2  
  194  13:59  SCV  
  194  14:00  Marauder x2  
  199  14:10  Sensor Tower  
  177  14:24  Medivac x2, Siege Tank  
  154  14:25  Marauder x2  
  154  14:26  Marauder x4, Marine x3  
  154  14:27  Marine  
  155  14:44  Marine x3  
  145  14:47  Marauder x5  
  145  14:49  Marine  
  154  14:56  Viking x2, Siege Tank  
  154  14:59  Marauder  
  161  15:08  Ghost x2  
  161  15:09  Ghost x2  
  169  15:15  Ghost  
  144  15:28  Ghost  
  144  15:29  Marine x2  
  147  15:39  Marauder x3  
  147  15:40  Marauder  
  147  15:42  Marine  
  156  15:43  Orbital Command  
  156  15:45  Marine  
  156  15:48  Orbital Command  
  157  15:50  Missile Turret  
  157  15:57  Marauder  
  157  15:58  Marine  
  157  16:02  Marine  
  157  16:03  Marine  
  159  16:15  SCV x2  
  159  16:16  SCV  
  160  16:18  SCV  
  161  16:27  SCV x2  
  161  16:28  SCV  
  161  16:31  SCV  
  165  16:38  Marauder  
Show
View Real Time Build Order
Export as new Build Order

MCanning Protoss - Winner!

Build Orders: 1 Gate Expand, Phoenix Opening 

Get SALT Encoding   

  12  0:00  Probe  
  13  0:12  Probe  
  14  0:17  Pylon  
  14  0:24  Probe  
  15  0:35  Gateway  
  15  0:37  Probe (Chrono Boost)  
  16  0:46  Probe (Chrono Boost)  
  16  0:47  Assimilator  
  17  0:51  Probe  
  18  1:04  Probe  
  19  1:16  Probe  
  19  1:18  Unknown  
  20  1:19  Unknown x2  
  20  1:24  Nexus  
  20  1:35  Cybernetics Core  
  20  1:36  Probe  
  21  1:47  Pylon  
  21  1:49  Probe  
  21  1:51  Assimilator  
  22  2:01  Probe  
  23  2:09  Adept (Chrono Boost)  
  23  2:13  Probe  
  26  2:24  Stargate  
  26  2:25  Probe  
  27  2:32  Stalker (Chrono Boost)  
  29  2:37  Probe x2  
  29  2:41  Warp Gate  
  31  2:49  Probe (Chrono Boost)  
  33  2:53  Probe (Chrono Boost)  
  33  3:00  Probe (Chrono Boost)  
  33  3:04  Probe (Chrono Boost)  
  33  3:05  Probe (Chrono Boost)  
  35  3:07  Phoenix  
  38  3:13  Probe  
  38  3:16  Pylon, Probe  
  38  3:19  Adept  
  42  3:25  Probe  
  43  3:28  Probe  
  43  3:32  Phoenix (Chrono Boost)  
  46  3:35  Gateway  
  46  3:40  Gateway, Probe  
  47  3:45  Probe  
  48  3:52  Probe  
  48  3:54  Phoenix (Chrono Boost)  
  48  3:55  Pylon  
  51  3:57  Probe  
  51  4:13  Probe  
  51  4:14  Probe  
  52  4:21  Assimilator  
  52  4:23  Assimilator  
  52  4:25  Robotics Facility, Probe  
  52  4:27  Probe  
  54  4:32  Zealot  
  54  4:34  Pylon  
  54  4:35  Nexus, Sentry  
  58  4:39  Probe  
  58  4:40  Probe  
  60  4:49  Forge  
  60  4:50  Gateway  
  60  4:51  Probe  
  61  4:53  Probe  
  62  5:03  Probe  
  62  5:05  Probe  
  62  5:06  Pylon  
  62  5:08  Phoenix  
  62  5:10  Immortal (Chrono Boost)  
  68  5:17  Sentry  
  68  5:21  Robotics Bay  
  70  5:25  Probe  
  70  5:28  Stalker  
  73  5:29  Probe  
  73  5:34  Shield Battery  
  74  5:37  Protoss Ground Weapons Level 1, Probe  
  74  5:38  Pylon  
  74  5:42  Probe  
  76  5:48  Observer (Chrono Boost)  
  77  5:50  Probe x2  
  77  5:54  Probe  
  80  6:00  Gateway, Stalker  
  82  6:04  Pylon  
  82  6:06  Probe  
  82  6:07  Colossus (Chrono Boost)  
  89  6:11  Pylon  
  89  6:16  Probe x2 (Chrono Boost)  
  89  6:17  Extended Thermal Lance  
  91  6:20  Probe (Chrono Boost)  
  92  6:28  Probe x2 (Chrono Boost)  
  92  6:30  Forge, Probe (Chrono Boost)  
  95  6:32  Probe x2 (Chrono Boost)  
  95  6:33  Twilight Council  
  95  6:35  Probe (Chrono Boost)  
  98  6:40  Assimilator  
  98  6:42  Probe x2  
  98  6:43  Assimilator  
  98  6:46  Gateway  
  100  6:49  Pylon, Probe  
  100  6:52  Pylon  
  101  6:54  Probe x2  
  101  6:56  Colossus (Chrono Boost)  
  101  7:01  Probe  
  110  7:06  Charge (Chrono Boost)  
  110  7:08  Zealot  
  112  7:11  Protoss Ground Armor Level 1 (Chrono Boost)  
  112  7:16  Nexus  
  112  7:19  Pylon  
  112  7:20  Probe  
  113  7:24  Templar Archives  
  113  7:27  Probe  
  114  7:30  Robotics Facility  
  114  7:36  Probe, Photon Cannon  
  115  7:39  Photon Cannon  
  115  7:43  Disruptor, Probe  
  119  7:46  Probe  
  119  7:49  Protoss Ground Weapons Level 2 (Chrono Boost)  
  120  7:51  Zealot x2  
  120  7:54  Probe  
  125  7:59  Probe  
  125  8:01  Probe  
  125  8:02  Dark Shrine  
  125  8:03  Gateway  
  127  8:06  Probe  
  127  8:07  Pylon  
  127  8:10  High Templar x2  
  132  8:13  Pylon  
  132  8:15  Assimilator, Archon  
  132  8:21  Assimilator  
  132  8:22  Disruptor (Chrono Boost), Photon Cannon  
  132  8:24  Shield Battery  
  132  8:25  Disruptor (Chrono Boost)  
  135  8:31  Probe  
  139  8:35  Zealot x3  
  139  8:42  Probe  
  139  8:46  Probe  
  141  8:49  Blink (Chrono Boost)  
  141  8:51  Disruptor  
  144  8:55  Disruptor  
  144  8:57  Zealot x3, Pylon  
  144  8:58  Zealot  
  144  9:02  Pylon x2  
  153  9:04  Pylon  
  153  9:06  Zealot  
  155  9:21  Zealot x4  
  155  9:22  Zealot x2  
  164  9:26  Disruptor  
  164  9:27  Pylon  
  167  9:32  Protoss Ground Armor Level 2 (Chrono Boost)  
  163  9:39  Zealot  
  163  9:41  Immortal  
  167  9:46  Pylon  
  167  9:51  Zealot x3  
  167  9:52  Zealot x3  
  179  9:58  Probe  
  170  10:09  Zealot  
  170  10:15  Zealot, Protoss Ground Weapons Level 3 (Chrono Boost)  
  170  10:16  Zealot x5, Gateway  
  170  10:18  Disruptor  
  170  10:19  Gateway x2  
  185  10:26  Pylon  
  185  10:27  Pylon  
  179  10:30  Immortal  
  181  10:36  Zealot x3  
  181  10:37  Zealot x4  
  191  10:54  Disruptor  
  186  11:03  Zealot  
  186  11:04  Zealot x2, Stalker  
  139  11:05  Stalker  
  139  11:06  Stalker x2  
  139  11:09  Disruptor  
  137  11:24  Zealot x5  
  137  11:25  Zealot  
  141  11:27  Probe  
  141  11:29  Pylon  
  141  11:31  Stalker x4  
  141  11:32  Shadow Stride (Chrono Boost)  
  150  11:33  Psionic Storm  
  150  11:34  Colossus (Chrono Boost)  
  156  11:42  Protoss Shields Level 1 (Chrono Boost)  
  156  11:46  Zealot  
  156  11:47  Zealot x5  
  158  11:52  Immortal (Chrono Boost)  
  166  11:55  High Templar  
  166  11:57  Dark Templar x2  
  166  11:58  Photon Cannon  
  166  11:59  Dark Templar  
  178  12:15  High Templar  
  180  12:17  High Templar  
  180  12:18  High Templar x2  
  180  12:19  High Templar x2  
  188  12:23  Nexus  
  188  12:26  Disruptor, Pylon  
  185  12:30  Archon  
  185  12:31  Zealot x3  
  185  12:32  Zealot  
  189  12:40  Nexus  
  189  12:41  Gateway  
  187  12:49  Disruptor  
  185  12:51  Protoss Ground Armor Level 3 (Chrono Boost)  
  185  12:56  Dark Templar x6  
  185  12:57  Dark Templar x2  
  195  13:12  Photon Cannon  
  189  13:14  Pylon  
  189  13:18  Zealot x2  
  187  13:29  Stalker x4  
  187  13:30  Stalker  
  183  13:37  Immortal  
  183  13:39  Zealot x5  
  175  13:50  Zealot  
  175  13:51  Probe  
  175  13:53  Probe  
  175  13:57  Zealot x5  
  175  14:00  Colossus  
  173  14:22  Stalker  
  173  14:23  Stalker x7  
  169  14:27  Protoss Shields Level 2 (Chrono Boost)  
  169  14:34  Zealot x2  
  165  14:53  Dark Templar x3  
  165  14:54  Dark Templar, Colossus (Chrono Boost)  
  173  15:01  Zealot, High Templar x2  
  173  15:02  Zealot  
  181  15:12  Colossus  
  187  15:22  Nexus  
  187  15:29  High Templar x4  
  195  15:39  High Templar  
  195  15:42  Photon Cannon  
  197  15:44  Photon Cannon  
  197  15:47  Shield Battery  
  197  15:48  Pylon  
  197  15:51  Dark Templar  
  199  16:00  Assimilator  
  199  16:02  Assimilator  
  199  16:08  Photon Cannon  
  199  16:10  Photon Cannon  
  195  16:12  Photon Cannon  
  195  16:16  Dark Templar x3  
  195  16:17  Dark Templar, Pylon  
  199  16:26  Photon Cannon  
  199  16:27  High Templar, Photon Cannon  
  199  16:29  Photon Cannon  
  199  16:30  Photon Cannon  
  199  16:32  Shield Battery  
  199  16:36  Assimilator  
  199  16:38  Assimilator  
  193  16:40  Zealot x3  
  193  16:41  Zealot x2, Pylon  

Tags
 
Add a new tag
Caveats
  • Supply blocks, unpowered buildings, or Contaminate may cause inaccurate times.
  • Supply counts are checked every 10 seconds.